NCAA
CLEMSON TIGERS @ MICHIGAN WOLVERINES
04/28/2026
 
TOP OF THE 1ST
Clemson Tigers batting - Pitching for Michigan Wolverines : LHP Hal Collins
Pitching: LHP Hal Collins
Batting: RHB Wayne Scott 0-0: Called Strike
0-1: Foul Ball, location: 2F
0-2: Foul Ball, location: 2F
0-2: Ball
1-2: Foul Ball, location: 2F
1-2: SINGLE (Line Drive, 7LS)
Batting: SHB Kenneth Cruz 0-0: Called Strike
0-1: Ball
1-1: Ball
2-1: SINGLE (Groundball, 4MD)
Wayne Scott to second
Batting: LHB Wally Harris 0-0: Fly out, F3 (Popup, 3SF)
Batting: RHB Leonard Harris 0-0: Ball
1-0: Ball
2-0: Ball
3-0: Called Strike
3-1: Base on Balls
Wayne Scott to third
Kenneth Cruz to second
Batting: LHB Peter Puckett 0-0: Ball
1-0: Ball
2-0: Foul Ball, location: 2F
2-1: Fly out, F7 (Flyball, 7M)
Runner from 3rd tags up, SCORES, no throw
Batting: LHB Frank Vázquez 0-0: Called Strike
0-1: Ball
1-1: Called Strike
1-2: Ball
2-2: Strikes out looking
Top of the 1st over - 1 run(s), 2 hit(s), 0 error(s), 2 left on base; Clemson 1 - Michigan 0
BOTTOM OF THE 1ST
Michigan Wolverines batting - Pitching for Clemson Tigers : RHP Justin Mateo
Pitching: RHP Justin Mateo
Batting: RHB Mark Brewer 0-0: Ball
1-0: Ball
2-0: Swinging Strike
2-1: Swinging Strike
2-2: Foul Ball, location: 2F
2-2: Foul Ball, location: 2F
2-2: Ball
3-2: Foul Ball, location: 2F
3-2: Base on Balls
Batting: RHB Bryan Koonts 0-0: Called Strike
0-1: Ball
1-1: Ball
2-1: Called Strike
2-2: Ball
3-2: Foul Ball, location: 2F
3-2: SINGLE (Groundball, 13) (infield hit)
Mark Brewer to second
Batting: RHB Danny Chávez 0-0: Grounds into double play, 6-4-3 (Groundball, 6)
Mark Brewer to third
Batting: RHB Bill Davis 0-0: Ball
1-0: Ball
2-0: Called Strike
2-1: Foul Ball, location: 2F
2-2: Ball
3-2: Strikes out swinging
Bottom of the 1st over - 0 run(s), 1 hit(s), 0 error(s), 1 left on base; Clemson 1 - Michigan 0
TOP OF THE 2ND
Clemson Tigers batting - Pitching for Michigan Wolverines : LHP Hal Collins
Batting: RHB James Taylor 0-0: SINGLE (Groundball, 15) (infield hit)
Batting: RHB Armando Vega 0-0: Ball
1-0: Foul Ball, location: 2F
1-1: Foul Ball, location: 2F
1-2: Ball
2-2: Ball
3-2: Fly out, F7 (Flyball, 7LMF)
Batting: LHB Aaron Thompson 0-0: Ball
1-0: Ball
2-0: Called Strike
2-1: SINGLE (Line Drive, 9LS)
James Taylor to second
Runner from 2nd tries for 3rd, SAFE, throw made to third
Batting: RHB Wayne Scott 0-0: Called Strike
0-1: Fly out, F8 (Flyball, 8RS)
Batting: SHB Kenneth Cruz 0-0: Called Strike
0-1: Called Strike
0-2: Ball
Aaron Thompson steals 2nd base
1-2: Foul Ball, location: 2F
1-2: Strikes out swinging
Top of the 2nd over - 0 run(s), 2 hit(s), 0 error(s), 2 left on base; Clemson 1 - Michigan 0
BOTTOM OF THE 2ND
Michigan Wolverines batting - Pitching for Clemson Tigers : RHP Justin Mateo
Batting: RHB Jake Brown 0-0: Foul Ball, location: 2F
0-1: Foul Ball, location: 2F
0-2: SOLO HOME RUN (Flyball, 8LXD), Distance : 398 ft
Batting: RHB Larry Rice 0-0: Ball
1-0: Ball
2-0: Called Strike
2-1: Ball
3-1: Base on Balls
Batting: RHB José Morán 0-0: Foul Ball, location: 2F
0-1: SINGLE (Line Drive, 4M)
Larry Rice to second
Batting: SHB Dan Baldwin 0-0: Ball
1-0: Swinging Strike
1-1: Fielders Choice at 2nd, 6-4 (Groundball, 6M)
Larry Rice to third
Batting: RHB Mel Wells 0-0: SINGLE (Groundball, 4D)
Larry Rice scores
Dan Baldwin to second
Runner from 2nd tries for 3rd, SAFE, throw made to third
Mel Wells to second
Batting: RHB Mark Brewer 0-0: Ball
1-0: Ball
2-0: Fly out, F8 (Flyball, 8RD)
Runner from 3rd tags up, SCORES, no throw
Batting: RHB Bryan Koonts 0-0: Ground out 6-3 (Groundball, 6)
Bottom of the 2nd over - 3 run(s), 3 hit(s), 0 error(s), 1 left on base; Clemson 1 - Michigan 3
TOP OF THE 3RD
Clemson Tigers batting - Pitching for Michigan Wolverines : LHP Hal Collins
Batting: LHB Wally Harris 0-0: Swinging Strike
0-1: Foul Ball, location: 2F
0-2: Foul Ball, location: 2F
0-2: Ball
1-2: Ball
2-2: Strikes out swinging
Batting: RHB Leonard Harris 0-0: Swinging Strike
0-1: Ball
1-1: TRIPLE (Line Drive, 7LM)
Batting: LHB Peter Puckett 0-0: Foul Ball, location: 2F
0-1: Ground out 4-3 (Groundball, 4)
Leonard Harris scores
Batting: LHB Frank Vázquez 0-0: Fly out, F6 (Popup, 6D)
Top of the 3rd over - 1 run(s), 1 hit(s), 0 error(s), 0 left on base; Clemson 2 - Michigan 3
BOTTOM OF THE 3RD
Michigan Wolverines batting - Pitching for Clemson Tigers : RHP Justin Mateo
Batting: RHB Danny Chávez 0-0: Ball
1-0: Foul Ball, location: 2F
1-1: Foul Ball, location: 2F
1-2: Ball
2-2: SINGLE (Line Drive, 56)
Batting: RHB Bill Davis 0-0: Fly out, F6 (Popup, 8RS)
Batting: RHB Jake Brown 0-0: Ball
1-0: Called Strike
1-1: Ball
2-1: Foul Ball, location: 2F
2-2: Ball
3-2: Base on Balls
Danny Chávez to second
Batting: RHB Larry Rice 0-0: SINGLE (Line Drive, 56D)
Danny Chávez to third
Jake Brown to second
Runner from 3rd tries for Home, SAFE, no throw or cutoff
Batting: RHB José Morán 0-0: Foul Ball, location: 2F
0-1: Ball
1-1: Foul Ball, location: 2F
1-2: Foul Ball, location: 2F
1-2: Ball
2-2: Ball
3-2: Foul Ball, location: 2F
3-2: Fielders Choice at 2nd, 6-4 (Groundball, 6)
Jake Brown to third
Batting: SHB Dan Baldwin 0-0: Ball
1-0: Ball
2-0: Ball
3-0: Called Strike
3-1: Swinging Strike
3-2: Strikes out looking
Bottom of the 3rd over - 1 run(s), 2 hit(s), 0 error(s), 2 left on base; Clemson 2 - Michigan 4
TOP OF THE 4TH
Clemson Tigers batting - Pitching for Michigan Wolverines : LHP Hal Collins
Batting: RHB James Taylor 0-0: Ground out 4-3 (Groundball, 4M)
Batting: RHB Armando Vega 0-0: Called Strike
0-1: Ball
1-1: Ground out 5-3 (Groundball, 5L)
Batting: LHB Aaron Thompson 0-0: Ground out 3-1 (Groundball, 34)
Top of the 4th over - 0 run(s), 0 hit(s), 0 error(s), 0 left on base; Clemson 2 - Michigan 4
BOTTOM OF THE 4TH
Michigan Wolverines batting - Pitching for Clemson Tigers : RHP Justin Mateo
Batting: RHB Mel Wells 0-0: Ball
1-0: Ball
2-0: Ball
3-0: Called Strike
3-1: Foul Ball, location: 2F
3-2: Base on Balls
Batting: RHB Mark Brewer 0-0: Called Strike
0-1: Ball
1-1: Ball
2-1: Ball
Mel Wells steals 2nd base
3-1: Swinging Strike
3-2: Foul Ball, location: 2F
3-2: Base on Balls
Pitching: RHP Oscar Martin
Batting: RHB Bryan Koonts 0-0: Called Strike
0-1: Ball
1-1: Fly out, F9 (Flyball, 9M)
Runner from 2nd tags up, SAFE at 3rd with throw
Batting: RHB Danny Chávez 0-0: Ball
1-0: Ball
2-0: Ball
3-0: Called Strike
3-1: Base on Balls
Mark Brewer to second
Batting: RHB Bill Davis 0-0: Ball
1-0: Ball
2-0: Called Strike
2-1: Foul Ball, location: 2F
2-2: Foul Ball, location: 2F
2-2: Foul Ball, location: 2F
2-2: Strikes out swinging
Batting: RHB Jake Brown 0-0: Ball
1-0: Ball
2-0: Ball
3-0: Base on Balls
Mel Wells scores
Mark Brewer to third
Danny Chávez to second
Batting: RHB Larry Rice 0-0: Ball
1-0: Ball
2-0: Ball
3-0: Base on Balls
Mark Brewer scores
Danny Chávez to third
Jake Brown to second
Batting: RHB José Morán 0-0: Foul Ball, location: 2F
0-1: Ball
1-1: Foul Ball, location: 2F
1-2: Ball
2-2: Fielders Choice at 2nd, U4 (Groundball, 4M)
Bottom of the 4th over - 2 run(s), 0 hit(s), 0 error(s), 3 left on base; Clemson 2 - Michigan 6
TOP OF THE 5TH
Clemson Tigers batting - Pitching for Michigan Wolverines : LHP Hal Collins
Batting: RHB Wayne Scott 0-0: Ball
1-0: Fly out, F8 (Flyball, 8LM)
Batting: SHB Kenneth Cruz 0-0: Called Strike
0-1: Ball
1-1: Ball
2-1: Ball
3-1: Base on Balls
Batting: LHB Wally Harris 0-0: Called Strike
0-1: Foul Ball, location: 2F
0-2: Foul Ball, location: 2F
0-2: Ball
1-2: Strikes out swinging
Batting: RHB Leonard Harris 0-0: Foul Ball, location: 2F
0-1: Ball
1-1: Ball
2-1: SINGLE (Line Drive, 7LS)
Kenneth Cruz to second
Batting: LHB Peter Puckett 0-0: Foul Ball, location: 2F
0-1: Ground out 4-3 (Groundball, 4)
Top of the 5th over - 0 run(s), 1 hit(s), 0 error(s), 2 left on base; Clemson 2 - Michigan 6
BOTTOM OF THE 5TH
Michigan Wolverines batting - Pitching for Clemson Tigers : RHP Oscar Martin
Batting: SHB Dan Baldwin 0-0: Called Strike
0-1: Ball
1-1: Called Strike
1-2: Ball
2-2: Strikes out swinging
Batting: RHB Mel Wells 0-0: Ground out U3 (Groundball, 3S)
Batting: RHB Mark Brewer 0-0: Ball
1-0: Fly out, F8 (Flyball, 8LS)
Bottom of the 5th over - 0 run(s), 0 hit(s), 0 error(s), 0 left on base; Clemson 2 - Michigan 6
TOP OF THE 6TH
Clemson Tigers batting - Pitching for Michigan Wolverines : LHP Hal Collins
Batting: LHB Frank Vázquez 0-0: Ball
1-0: Ball
2-0: Foul Ball, location: 2F
2-1: Foul Ball, location: 2F
2-2: Ball
3-2: Strikes out swinging
Pitching: RHP Christian Holloway
Batting: RHB James Taylor 0-0: Ball
1-0: Foul Ball, location: 2F
1-1: Swinging Strike
1-2: Foul Ball, location: 2F
1-2: Strikes out swinging
Batting: RHB Armando Vega 0-0: Called Strike
0-1: Called Strike
0-2: Fly out, F9 (Flyball, 9LSF)
Top of the 6th over - 0 run(s), 0 hit(s), 0 error(s), 0 left on base; Clemson 2 - Michigan 6
BOTTOM OF THE 6TH
Michigan Wolverines batting - Pitching for Clemson Tigers : RHP Oscar Martin
Batting: RHB Bryan Koonts 0-0: Ball
1-0: Ball
2-0: Foul Ball, location: 2F
2-1: Ball
3-1: Ground out 5-3 (Groundball, 5L)
Batting: RHB Danny Chávez 0-0: Swinging Strike
0-1: Foul Ball, location: 2F
0-2: Ball
1-2: Ground out 5-3 (Groundball, 56)
Batting: RHB Bill Davis 0-0: Foul Ball, location: 2F
0-1: Foul Ball, location: 2F
0-2: SINGLE (Flyball, 8RS)
Batting: RHB Jake Brown 0-0: Ball
1-0: Ground out 5-3 (Groundball, 5)
Bottom of the 6th over - 0 run(s), 1 hit(s), 0 error(s), 1 left on base; Clemson 2 - Michigan 6
TOP OF THE 7TH
Clemson Tigers batting - Pitching for Michigan Wolverines : RHP Christian Holloway
Batting: LHB Aaron Thompson 0-0: Foul Ball, location: 2F
0-1: Ball
1-1: Called Strike
1-2: Ball
2-2: Strikes out looking
Batting: RHB Wayne Scott 0-0: Ball
1-0: Foul Ball, location: 2F
1-1: Called Strike
1-2: Ball
2-2: Ball
3-2: Strikes out swinging
Batting: SHB Kenneth Cruz 0-0: Ball
1-0: Ball
2-0: Foul Ball, location: 2F
2-1: Foul Ball, location: 2F
2-2: Ground out 6-3 (Groundball, 6)
Top of the 7th over - 0 run(s), 0 hit(s), 0 error(s), 0 left on base; Clemson 2 - Michigan 6
BOTTOM OF THE 7TH
Michigan Wolverines batting - Pitching for Clemson Tigers : RHP Oscar Martin
Pitching: RHP Emílio Torres
Batting: RHB Larry Rice 0-0: Swinging Strike
0-1: Foul Ball, location: 2F
0-2: Ball
1-2: Foul Ball, location: 2F
1-2: Strikes out swinging
Batting: RHB José Morán 0-0: Called Strike
0-1: Swinging Strike
0-2: Ball
1-2: Foul Ball, location: 2F
1-2: Strikes out looking
Batting: SHB Dan Baldwin 0-0: Ball
1-0: Foul Ball, location: 2F
1-1: Called Strike
1-2: Strikes out swinging
Bottom of the 7th over - 0 run(s), 0 hit(s), 0 error(s), 0 left on base; Clemson 2 - Michigan 6
TOP OF THE 8TH
Clemson Tigers batting - Pitching for Michigan Wolverines : RHP Christian Holloway
Batting: LHB Wally Harris 0-0: Called Strike
0-1: Ball
1-1: Ball
2-1: Ball
3-1: SOLO HOME RUN (Flyball, 9D), Distance : 366 ft
Batting: RHB Leonard Harris 0-0: Ball
1-0: SINGLE (Groundball, 5L)
Pitching: RHP Millard Black
Batting: LHB Peter Puckett 0-0: Ball
1-0: Ball
2-0: Ball
3-0: Called Strike
3-1: Swinging Strike
3-2: Base on Balls
Leonard Harris to second
Batting: LHB Frank Vázquez 0-0: Ball
1-0: SINGLE (Groundball, 34D)
Leonard Harris to third
Peter Puckett to second
Batting: RHB James Taylor 0-0: SINGLE (Line Drive, 78M)
Leonard Harris scores
Peter Puckett to third
Frank Vázquez to second
Pinch Hitting: LHB Jeff Thompson 0-0: Swinging Strike
0-1: Foul Ball, location: 2F
0-2: Ball
1-2: SINGLE (Groundball, 34S) (infield hit)
Peter Puckett scores
Frank Vázquez to third
James Taylor to second
Batting: LHB Aaron Thompson 0-0: Ball
1-0: Ball
2-0: Ball
3-0: Base on Balls
Frank Vázquez scores
James Taylor to third
Jeff Thompson to second
Batting: RHB Wayne Scott 0-0: Called Strike
0-1: Ball
1-1: Ball
2-1: Ball
3-1: Foul Ball, location: 2F
3-2: Base on Balls
James Taylor scores
Jeff Thompson to third
Aaron Thompson to second
Pitching: RHP Jacob Coleman
Batting: SHB Kenneth Cruz 0-0: Ball
1-0: Ball
2-0: Ball
3-0: Base on Balls
Jeff Thompson scores
Aaron Thompson to third
Wayne Scott to second
Batting: LHB Wally Harris 0-0: Fly out, F8 (Flyball, 8LM)
Runner from 3rd tags up, SCORES, no throw
Batting: RHB Leonard Harris 0-0: Swinging Strike
0-1: Ball
1-1: Ball
2-1: Ball
3-1: Called Strike
3-2: Base on Balls
Wayne Scott to third
Kenneth Cruz to second
Batting: LHB Peter Puckett 0-0: Called Strike
0-1: SINGLE (Line Drive, 34D)
Wayne Scott scores
Kenneth Cruz to third
Leonard Harris to second
Runner from 3rd tries for Home, SAFE, throw made home
Batting: LHB Frank Vázquez 0-0: Foul Ball, location: 2F
0-1: Ball
1-1: Ball
2-1: SINGLE (Groundball, 4MD)
Leonard Harris to third
Peter Puckett to second
Batting: RHB James Taylor 0-0: Foul Ball, location: 2F
0-1: Swinging Strike
0-2: Foul Ball, location: 2F
0-2: Foul Ball, location: 2F
0-2: Ball
1-2: Strikes out swinging
Batting: LHB Jeff Thompson 0-0: Ball
1-0: Called Strike
1-1: Fly out, F6 (Popup, 56D)
Top of the 8th over - 9 run(s), 7 hit(s), 0 error(s), 3 left on base; Clemson 11 - Michigan 6
BOTTOM OF THE 8TH
Michigan Wolverines batting - Pitching for Clemson Tigers : RHP Emílio Torres
Now at C: Blair Endacott
Now at 2B: Julián García
Batting: RHB Mel Wells 0-0: Ball
1-0: Ball
2-0: Called Strike
2-1: Foul Ball, location: 2F
2-2: Foul Ball, location: 2F
2-2: SINGLE (Line Drive, 5S)
Batting: RHB Mark Brewer 0-0: Swinging Strike
0-1: Ball
1-1: Foul Ball, location: 2F
1-2: Strikes out swinging
Batting: RHB Bryan Koonts 0-0: Ball
1-0: Swinging Strike
1-1: Ball
2-1: Ball
3-1: Base on Balls
Mel Wells to second
Batting: RHB Danny Chávez 0-0: Ball
1-0: Called Strike
1-1: Called Strike
1-2: Foul Ball, location: 2F
1-2: Strikes out looking
Batting: RHB Bill Davis 0-0: Hit by Pitch
Mel Wells to third
Bryan Koonts to second
Pitching: LHP Jorge Gatán
Batting: RHB Jake Brown 0-0: Ball
1-0: Ball
2-0: Called Strike
2-1: Foul Ball, location: 2F
2-2: Strikes out swinging
Bottom of the 8th over - 0 run(s), 1 hit(s), 0 error(s), 3 left on base; Clemson 11 - Michigan 6
TOP OF THE 9TH
Clemson Tigers batting - Pitching for Michigan Wolverines : RHP Jacob Coleman
Batting: LHB Aaron Thompson 0-0: Called Strike
0-1: Ball
1-1: Ball
2-1: Ball
3-1: Base on Balls
Batting: RHB Wayne Scott 0-0: Ball
1-0: SINGLE (Flyball, 7LM)
Aaron Thompson to second
Batting: SHB Kenneth Cruz 0-0: Foul Ball, location: 2F
0-1: Ball
1-1: Fly out, F8 (Flyball, 8RM)
Batting: LHB Wally Harris 0-0: Fly out, F9 (Flyball, 9M)
Batting: RHB Leonard Harris 0-0: Ball
1-0: Ball
2-0: Fly out, F6 (Popup, 6M)
Top of the 9th over - 0 run(s), 1 hit(s), 0 error(s), 2 left on base; Clemson 11 - Michigan 6
BOTTOM OF THE 9TH
Michigan Wolverines batting - Pitching for Clemson Tigers : LHP Jorge Gatán
Batting: RHB Larry Rice 0-0: Called Strike
0-1: Foul Ball, location: 2F
0-2: Ball
1-2: Strikes out looking
Batting: RHB José Morán 0-0: Ball
1-0: Reached on error, E5 (Groundball, 56S)
Batting: SHB Dan Baldwin 0-0: Foul Ball, location: 2F
0-1: Foul Ball, location: 2F
0-2: Ball
1-2: Ball
2-2: Strikes out looking
Batting: RHB Mel Wells 0-0: Called Strike
0-1: Ground out 6-3 (Groundball, 6)
Bottom of the 9th over - 0 run(s), 0 hit(s), 1 error(s), 1 left on base; Clemson 11 - Michigan 6
Monday, December 5th, 2016 - OOTP Baseball 17.12 Build 75